 Dungeon Crawl Stone Soup version 0.16-a0-2757-g883b90a (webtiles) character file.

159 kroki the Cutter (level 5, -1/25 HPs)
             Began as a Vine Stalker Arcane Marksman on Nov 27, 2014.
             Slain by nht's ghost (5 damage)
             ... on level 3 of the Dungeon.
             The game lasted 00:05:53 (2736 turns).

kroki the Cutter (Vine Stalker Arcane Marksman)     Turns: 2736, Time: 00:05:53

Health: -1/25      AC:  4    Str: 13    XL:     5   Next: 40%
Magic:  0/9        EV: 11    Int: 13    God:
Gold:   255        SH:  0    Dex: 15    Spells: 2 memorised, 3 levels left

rFire  . . .     SeeInvis .     e - +3 short sword (holy)
rCold  + . .     Clarity  .     v - +0 leather armour
rNeg   . . .     SustAb   .     (no shield)
rPois  .         Gourm    .     (no helmet)
rElec  .         Spirit   +     k - +0 cloak
rCorr  .         Warding  .     (no gloves)
rMut   .         Stasis   .     (no boots)
MR     .....                    i - amulet of rage
Stlth  +.........               (no ring)
                                g - ring of protection from cold

@: not resistant to hostile enchantments, very unstealthy
A: fangs 2, regeneration 1, magic shield, antimagic bite, no device heal 3, rot
immunity
a: Evoke Berserk Rage


You were on level 3 of the Dungeon.
You were not hungry.

You visited 1 branch of the dungeon, and saw 3 of its levels.

You collected 255 gold pieces.

Inventory:

Hand weapons
 b - a +0 hand crossbow
 e - a +3 short sword of holy wrath (weapon)
   (You found it on level 1 of the Dungeon)
 q - a +1 dagger of venom
   (You took it off an orc on level 3 of the Dungeon)
Missiles
 c - 16 bolts
Armour
 a - a +0 robe
 k - a +0 cloak (worn)
   (You found it on level 2 of the Dungeon)
 v - a +0 leather armour (worn)
   (You took it off an orc on level 3 of the Dungeon)
Jewellery
 g - a ring of protection from cold (left hand)
   (You found it on level 1 of the Dungeon)
 i - an amulet of rage (around neck)
   (You found it on level 2 of the Dungeon)
Magical devices
 l - a wand of teleportation (1)
   (You found it on level 2 of the Dungeon)
Scrolls
 m - 3 scrolls of remove curse
 p - a scroll of fog
Potions
 h - a potion of brilliance
 j - a potion of confusion
 s - a potion of resistance {unknown}
 t - a potion of berserk rage {unknown}
 u - a potion of invisibility {unknown}
Books
 d - a book of Debilitation
Comestibles
 f - a bread ration
 n - a meat ration
 o - a beef jerky


   Skills:
 - Level 0.8 Fighting
 + Level 4.2 Short Blades
 - Level 2.0 Crossbows
 - Level 1.7 Dodging
 - Level 1.1 Spellcasting
 - Level 3.0 Hexes


You had 3 spell levels left.
You knew the following spells:

 Your Spells              Type           Power        Failure   Level  Hunger
a - Corona                Hex            #......      10%         1    ##.....
b - Slow                  Hex            #.......     14%         2    ###....


Innate Abilities, Weirdness & Mutations

You have extremely sharp teeth.
Your natural rate of healing is unusually fast.
When hurt, damage is shared between your health and your magic reserves.
Your bite disrupts and absorbs the magic of your enemies.
Potions and wands cannot restore your health.
You are immune to rotting.

Dungeon Overview and Level Annotations

Branches:
Dungeon (3/15)

Altars:
Kikubaaqudgha
Xom
The Shining One
Beogh

Annotations:
D:3 nht's ghost, average DsTm

.# #.........# .# #.........# .#
#.........# ######### .##
#.........## #........
..######.......# ####'#######
..#......##.#..# #.......#
.........##.#..#######.⌠...⌠.#
..#......##.#........#.......#..
..#.).#####.#...@W...'...⌠...'..#
#.#)#.# #..........#.......#
#.#.#.# ##.....#####.⌠...⌠.#
(.#)#.# #..##.# #.......#
###.#.######..##.# ####'####
#.#........>##.# .#
###.####.........# ..
.....(<....####### ###
###.#..#[#.#


You could see nht's ghost.


Message History

Nht's ghost hits you!
You take 8 damage.
You hit nht's ghost.
Nht's ghost convulses.
Nht's ghost is moderately damaged.
You closely miss nht's ghost.
Nht's ghost is moderately damaged.
Nht's ghost hits you.
You take 4 damage.
You hit nht's ghost.
Nht's ghost convulses.
Nht's ghost is heavily damaged.
Nht's ghost is no longer moving slowly.
You barely miss nht's ghost. Your bite misses nht's ghost.
Nht's ghost is heavily damaged.
Nht's ghost assumes a wrestling stance.
Nht's ghost hits you.
* * * LOW HITPOINT WARNING * * *
You take 3 damage.
You are too injured to fight recklessly!
You are too injured to fight recklessly!
You are too injured to fight recklessly!
You are too injured to fight recklessly!
Casting: Slow
Aiming: Slow
Aim: nht's ghost (heavily damaged) Nht's ghost easily resists.
Nht's ghost hits you!
* * * LOW HITPOINT WARNING * * *
You take 8 damage.
There is an open door here.
Nht's ghost hits you.
You die...

Notes
Turn   | Place    | Note
--------------------------------------------------------------
     0 | D:1      | kroki, the Vine Stalker Arcane Marksman, began the quest for the Orb.
     0 | D:1      | Reached XP level 1. HP: 9/9 MP: 2/2
   319 | D:1      | Reached XP level 2. HP: 12/14 MP: 2/4
   504 | D:1      | Reached skill level 1 in Short Blades
   874 | D:1      | Reached XP level 3. HP: 17/17 MP: 2/5
  1277 | D:2      | Learned a level 2 spell: Slow
  1379 | D:2      | Reached XP level 4. HP: 21/21 MP: 3/6
  1401 | D:2      | Reached skill level 3 in Short Blades
  1785 | D:2      | Found a shimmering altar of Xom.
  1803 | D:2      | Found an ancient bone altar of Kikubaaqudgha.
  2030 | D:3      | Found a glowing golden altar of the Shining One.
  2150 | D:3      | Found a roughly hewn altar of Beogh.
  2266 | D:3      | Reached skill level 4 in Short Blades
  2266 | D:3      | Reached XP level 5. HP: 22/25 MP: 1/9
  2715 | D:3      | Noticed nht's ghost (average DsTm)
  2736 | D:3      | Slain by nht's ghost

Vanquished Creatures
  An orc priest (D:3)
  4 adders
  A worm (D:2)
  3 giant geckos
  An ooze (D:1)
  13 orcs (D:3)
  2 ball pythons
  7 giant cockroaches
  7 hobgoblins
  5 jackals
  2 quokkas
  6 bats
  A giant newt (D:1)
  5 goblins
  5 kobolds
  6 rats
69 creatures vanquished.

Action                   |  1- 3 |  4- 6 || total
-------------------------+-------+-------++-------
Melee: Short sword       |    83 |    74 ||   157
       Dagger            |       |    42 ||    42
 Fire: Hand crossbow     |     7 |     9 ||    16
 Cast: Corona            |    24 |       ||    24
       Slow              |     2 |    36 ||    38
 Abil: Evoke Berserk Rag |     1 |       ||     1
  Use: Scroll            |     6 |     3 ||     9
  Eat: Chunk             |     3 |     7 ||    10
       Beef jerky        |       |     1 ||     1

Vault maps used:
D:1:      scummos_arrival_gate
D:2:      lemuel_doored_altar, lemuel_round_altar, grunt_ministairs_1
D:3:      minmay_door_path, lemuel_crystal_altar, minmay_fountain_box,
          kennysheep_orc_chapel
